[Event "Team 45 45 League T56"]
[Site "Internet Chess Club"]
[Date "2013.03.02"]
[Round "2"]
[White "tryanything"]
[Black "palm47"]
[Result "1/2-1/2"]
[WhiteElo "1545"]
[BlackElo "1534"]
[Opening "King's Indian: London system"]
[ECO "A45"]
[Time "20:03:41"]
[TimeControl "2700+45"]

1. d4 Nf6 2. Bf4 g6 3. Nf3 d6 4. h3 Bg7 5. e3 Nbd7 6. Bd3 O-O 7. O-O Nd5 8. Bg3
Nb4 9. Be2 e5 10. c3 Nc6 11. d5 Ne7 12. e4 f5 13. Nbd2 Nf6 14. Bd3 fxe4 15. Bxe4
Nexd5 16. Bxd5+ Nxd5 17. Qb3 c6 18. Rad1 Rf5 19. Ne4 Bf8 20. Bh4 Qb6 21. Qc2 Be6
22. Nfg5 Re8 23. Nxe6 Rxe6 24. a3 Rh5 25. Rxd5 cxd5 26. Nf6+ Rxf6 27. Bxf6 Kf7
28. g4 Rxh3 29. Kg2 Qb5 30. Bg5 Rh2+ 31. Kxh2 Qxf1 32. Be3 a6 33. a4 Qc4 34. Kg3
Bg7 35. b3 Qc6 36. Qd2 e4 37. c4 Be5+ 38. Bf4 dxc4 39. bxc4 Qxc4 40. Bxe5 dxe5
41. Qd7+ Kf6 42. Qd8+ Kg7 43. Qe7+ Kg8 44. Qe8+ Kg7 45. Qe7+ Qf7 46. Qxe5+ Kh6
47. Qxe4 Qd7 48. g5+ Kg7 49. f4 h5 50. gxh6+ Kxh6 51. Qh1+ Kg7 52. Qa1+ Kg8 53.
Qa2+ Qf7 54. Qc2 Kh7 55. Qh2+ {Game drawn by mutual agreement} 1/2-1/2

[Event "Team 45 45 League T56"]
[Site "Internet Chess Club"]
[Date "2013.03.02"]
[Round "2"]
[White "chesskix"]
[Black "origamifun"]
[Result "1-0"]
[WhiteElo "1400"]
[BlackElo "1439"]
[Opening "English: Bremen system, Keres variation"]
[ECO "A23"]
[Time "19:00:36"]
[TimeControl "2700+45"]

1. c4 e5 2. Nc3 Nf6 3. g3 c6 4. Bg2 d5 5. cxd5 cxd5 6. d3 Be6 7. Nf3 Nc6 8. O-O
Bc5 9. Nxe5 Nxe5 10. d4 Bxd4 11. Qxd4 Nc6 12. Qc5 Qe7 13. Qxe7+ Nxe7 14. Bf4 O-O
15. Bd6 Rfe8 16. Rac1 Nf5 17. Ba3 a6 18. e4 dxe4 19. Nxe4 Nxe4 20. Bxe4 Rad8 21.
Bxb7 Nd4 22. Rfe1 Bxa2 23. Rxe8+ Rxe8 24. Kg2 a5 25. Rc5 Rb8 26. Rxa5 h6 27. Be4
g6 28. Bc5 Ne6 29. b4 Nxc5 30. bxc5 Be6 31. c6 Ra8 32. Rxa8+ Kg7 33. c7 f5 34.
Bc6 Kf6 35. Rf8+ Ke7 36. Re8+ Kd6 37. Rxe6+ Kxe6 38. c8=Q+ Kf6 39. Bd5 Kg5 40.
Qd8+ Kh5 41. Bf3# {Black checkmated} 1-0

[Event "Team 45 45 League T56"]
[Site "Internet Chess Club"]
[Date "2013.03.03"]
[Round "2"]
[White "theartist"]
[Black "KidRattler"]
[Result "0-1"]
[WhiteElo "1120"]
[BlackElo "1463"]
[Opening "QGD semi-Slav: 5.e3"]
[ECO "D45"]
[Time "13:32:13"]
[TimeControl "2700+45"]

1. d4 d5 2. c4 c6 3. Nc3 Nf6 4. Nf3 e6 5. e3 Bb4 6. Bd2 O-O 7. a3 Bxc3 8. Bxc3
Nbd7 9. Bd3 dxc4 10. Bxc4 Nb6 11. Bd3 Nbd5 12. O-O Qc7 13. h3 Nxc3 14. bxc3 Qa5
15. Qc2 Qc7 16. e4 h6 17. Rfc1 Rd8 18. Ne5 Nd7 19. Nxd7 Rxd7 20. e5 b6 21. Be4
Bb7 22. Qa4 b5 23. Qb4 Qb6 24. Qb2 Rad8 25. Rd1 Ba6 26. a4 c5 27. a5 Qc7 28. Rd2
cxd4 29. cxd4 Rc8 30. Qc2 Qxc2 31. Bxc2 Kf8 32. Bb3 Bb7 33. Rad1 Bd5 34. Bxd5
Rxd5 35. Kf1 Ke7 36. Ke2 a6 37. Kd3 Rc4 38. Ke4 Ra4 39. Rc1 Rxa5 40. Rc7+ Rd7
41. Rdc2 Ra4 42. Rxd7+ Kxd7 43. f4 Rc4 44. Ra2 Ra4 45. Rc2 a5 46. Ke3 Ra3+ 47.
Kd2 b4 48. Kc1 Rc3 49. Rxc3 bxc3 50. Kc2 Kc6 51. Kxc3 Kd5 52. g3 a4 53. g4 Ke4
54. f5 exf5 55. gxf5 Kxf5 56. Kb4 Ke4 57. Kc4 a3 {White resigns} 0-1

[Event "Team 45 45 League T56"]
[Site "Internet Chess Club"]
[Date "2013.03.02"]
[Round "2"]
[White "fuzzface"]
[Black "Fulmar"]
[Result "1-0"]
[WhiteElo "1368"]
[BlackElo "1150"]
[Opening "Queen's pawn game"]
[ECO "D00"]
[Time "09:00:45"]
[TimeControl "2700+45"]

1. d4 d5 2. c3 e6 3. Nf3 Nf6 4. Bg5 Be7 5. e3 O-O 6. Bd3 c5 7. O-O Qb6 8. Qc2 g6
9. Bh6 Re8 10. b3 Ng4 11. Bf4 Nc6 12. h3 Nf6 13. Nbd2 Bd7 14. Ne5 Kg7 15. Ndf3
Nxe5 16. Nxe5 Rac8 17. Qd2 Rc7 18. Nc4 dxc4 19. Bxc7 Qxc7 20. Bxc4 Ne4 21. Qc2
f5 22. d5 Qe5 23. dxe6 Bxe6 24. Bxe6 Qxe6 25. Rad1 Kf6 26. c4 Bd6 27. Rd3 Rd8
28. f4 Bc7 29. Qd1 Rxd3 30. Qxd3 Ng3 31. Rf3 Ne4 32. Qc2 g5 33. Qb2+ Kg6 34. g3
g4 35. hxg4 fxg4 36. f5+ Qxf5 37. Rxf5 Kxf5 38. Qc2 Bxg3 39. Kg2 Bh4 40. Qd3 g3
41. Qd5+ Kg4 42. Qxe4+ Kh5 43. Qf3+ Kg5 44. Kh3 h5 45. Qf4+ Kg6 46. Qxh4 g2 47.
Kxg2 Kh6 48. Qf6+ Kh7 49. Kh3 h4 50. Kxh4 b5 51. Qe6 b4 52. Kg5 a5 53. Qe7+ Kg8
54. Kg6 a4 55. Qe8# {Black checkmated} 1-0

[Event "Team 45 45 League T56"]
[Site "Internet Chess Club"]
[Date "2013.03.03"]
[Round "2"]
[White "sere"]
[Black "tamky70"]
[Result "0-1"]
[WhiteElo "1189"]
[BlackElo "1429"]
[Opening "QGD: Ragozin variation"]
[ECO "D38"]
[Time "09:30:48"]
[TimeControl "2700+45"]

1. d4 d5 2. Nf3 e6 3. c4 Nf6 4. Nc3 Bb4 5. Bd2 c6 6. a3 Bxc3 7. Bxc3 Ne4 8. Qc2
Nxc3 9. Qxc3 O-O 10. Qe3 Nd7 11. Qf4 Nf6 12. Qh4 b5 13. e3 bxc4 14. Rb1 Ba6 15.
Be2 Qa5+ 16. Nd2 Ne4 17. Rd1 Nxd2 18. Rxd2 c3 19. bxc3 Bxe2 20. Kxe2 Qxc3 21.
Rhd1 Qxa3 22. Kf3 c5 23. Qg5 c4 24. Rb1 Rab8 25. Rdd1 Rxb1 26. Rxb1 c3 27. Rb7
c2 28. Rd7 c1=Q 29. Rd8 Qd1+ 30. Kf4 h6 31. Rxf8+ Qxf8 32. Qg3 Qd6# {White
checkmated} 0-1

[Event "Team 45 45 League T56"]
[Site "Internet Chess Club"]
[Date "2013.03.03"]
[Round "2"]
[White "Tribe97"]
[Black "MeansToAnEnd"]
[Result "1-0"]
[WhiteElo "1216"]
[BlackElo "1393"]
[Opening "Caro-Kann: classical, 6.h4"]
[ECO "B19"]
[Time "17:03:29"]
[TimeControl "2700+45"]

1. e4 c6 2. d4 d5 3. Nc3 dxe4 4. Nxe4 Bf5 5. Ng3 Bg6 6. h4 h6 7. Nf3 Nf6 8. h5
Bh7 9. Bd3 Bxd3 10. Qxd3 e6 11. Bd2 Be7 12. Ne4 Nbd7 13. O-O-O O-O 14. Nxf6+
Nxf6 15. Ne5 Qd5 16. c4 Qxg2 17. f3 Rad8 18. Bxh6 gxh6 19. Rdg1 Qxg1+ 20. Rxg1+
Kh8 21. Ng6+ fxg6 22. Qxg6 Rg8 23. Qxh6+ Nh7 24. Rxg8+ Rxg8 25. Qxe6 Bg5+ 26.
Kc2 Nf6 27. Qe7 Rb8 28. h6 Nh7 29. Qg7# {Black checkmated} 1-0

[Event "Team 45 45 League T56"]
[Site "Internet Chess Club"]
[Date "2013.02.27"]
[Round "2"]
[White "JRussell2"]
[Black "wildangels"]
[Result "1/2-1/2"]
[WhiteElo "1380"]
[BlackElo "1083"]
[Opening "Pirc: classical (two knights) system"]
[ECO "B08"]
[Time "20:00:10"]
[TimeControl "2700+45"]

1. e4 d6 2. d4 Nf6 3. Nc3 g6 4. Nf3 c6 5. h3 Bg7 6. Bc4 e6 7. Qe2 Nbd7 8. O-O
O-O 9. Bg5 e5 10. Rad1 Qb6 11. Bb3 d5 12. exd5 Re8 13. dxe5 Nxd5 14. Qd2 Nxe5
15. Nxe5 Rxe5 16. Bxd5 cxd5 17. Bf4 Re8 18. Qc1 d4 19. Na4 Qe6 20. Rfe1 Qd7 21.
Nc5 Qc6 22. Nd3 Be6 23. a3 Bd5 24. f3 Qb5 25. Be5 Bxe5 26. Nxe5 f6 27. Nd3 Re6
28. Rxe6 Bxe6 29. Nf4 Bf5 30. Kh1 g5 31. Nd3 Re8 32. Nb4 Qe5 33. Nd3 Qg3 34. Qd2
Re3 35. Rf1 h5 36. Qf2 Qxf2 37. Rxf2 Bxd3 38. cxd3 Re1+ 39. Kh2 h4 40. Rd2 Kg7
41. g3 hxg3+ 42. Kxg3 Kg6 43. Kf2 Re8 44. Kg3 f5 45. f4 Re3+ 46. Kg2 Kh5 47.
fxg5 Kxg5 48. Kh2 Kh4 49. Kg2 Rg3+ 50. Kh2 f4 51. Re2 Rxh3+ 52. Kg1 Rxd3 53. Re4
Kg3 54. Re1 f3 55. Rf1 f2+ 56. Rxf2 Rd1+ 57. Rf1 Rd3 58. Rc1 Kf3 59. Kf1 Ke4 60.
Ke2 Re3+ 61. Kd2 d3 62. Rc4+ Kf3 63. Rc3 Ke4 64. Rc4+ Kf3 65. Rc3 Ke4 66. Rc4+
Kf3 67. Rc3 {Game drawn by repetition} 1/2-1/2

[Event "Team 45 45 League T56"]
[Site "Internet Chess Club"]
[Date "2013.03.04"]
[Round "2"]
[White "lawth3"]
[Black "seattleblues"]
[Result "0-1"]
[WhiteElo "1307"]
[BlackElo "1429"]
[Opening "QGD: 4.Nf3"]
[ECO "D37"]
[Time "20:58:59"]
[TimeControl "2700+45"]

1. d4 Nf6 2. c4 d5 3. Nc3 e6 4. Nf3 Nbd7 5. c5 b6 6. b4 bxc5 7. dxc5 Be7 8. Bf4
Rb8 9. a3 Ba6 10. c6 Nf8 11. Qa4 Ng6 12. Bxc7 Qxc7 13. Qxa6 Rb6 14. Qa4 Rxc6 15.
Nd4 Ne5 16. Nxc6 Nxc6 17. b5 Ne5 18. b6+ Qc6 19. Qxc6+ Nxc6 20. b7 O-O 21. Rb1
Rb8 22. e3 Bxa3 23. Ba6 Bb4 24. Kd2 Ne4+ 25. Kd3 Nc5+ 26. Ke2 Nxa6 27. Na2 Rxb7
28. Rhc1 Rb6 29. Nxb4 Naxb4 30. Rc3 Kf8 31. f3 Ke7 32. Kd2 Kd7 33. Rcb3 Kc7 34.
Kc3 e5 35. Rxb4 Rxb4 36. Rxb4 Nxb4 37. Kxb4 Kb6 38. h4 f5 39. g3 h6 40. h5 a5+
41. Ka4 Kc5 42. Kxa5 d4 43. exd4+ exd4 44. Ka4 Kc4 {White resigns} 0-1

[Event "Team 45 45 League T56"]
[Site "Internet Chess Club"]
[Date "2013.03.01"]
[Round "2"]
[White "medsurg"]
[Black "Cicero"]
[Result "1-0"]
[WhiteElo "1304"]
[BlackElo "1229"]
[Opening "King's Indian, 3.Nf3"]
[ECO "E61"]
[Time "17:00:53"]
[TimeControl "2700+45"]

1. d4 Nf6 2. c4 g6 3. Nf3 Bg7 4. Nc3 d6 5. Bf4 O-O 6. h3 b6 7. e3 a5 8. Bd3 Re8
9. O-O Na6 10. a3 Nh5 11. Bh2 e5 12. dxe5 Nc5 13. Bc2 dxe5 14. Qxd8 Rxd8 15. Nd5
Rd7 16. Bxe5 Bb7 17. Bxg7 Kxg7 18. Rad1 Rad8 19. Ne5 Rd6 20. Nxc7 Rxd1 21. Rxd1
Rxd1+ 22. Bxd1 f6 23. Nf3 a4 24. Nd4 Kf7 25. Nd5 Nd3 26. Bxa4 Nxb2 27. Bb3 Ng7
28. Nxb6 Ne6 29. c5 Ke7 30. Bxe6 Nd3 31. Na4 Bc6 32. Nxc6+ Kxe6 33. Nd4+ Kd5 34.
Nb6+ Kxc5 35. Nd7+ Kd6 36. Nxf6 h6 37. Ne4+ Ke5 38. f3 g5 39. Kf1 h5 40. Nxg5
Nf4 41. exf4+ Kxf4 42. Ne4 h4 43. a4 Ke5 44. a5 Kxd4 45. a6 Ke5 46. a7 Kf4 47.
a8=Q Ke3 48. Qa3+ Kf4 49. Kf2 Ke5 50. Qd6+ Kf5 51. Qf6# {Black checkmated} 1-0

[Event "Team 45 45 League T56"]
[Site "Internet Chess Club"]
[Date "2013.03.03"]
[Round "2"]
[White "carolinaknight"]
[Black "AnthonySinkface"]
[Result "1-0"]
[WhiteElo "1241"]
[BlackElo "1117"]
[Opening "Caro-Kann: advance variation"]
[ECO "B12"]
[Time "15:30:32"]
[TimeControl "2700+45"]

1. e4 c6 2. d4 d5 3. e5 Bf5 4. g4 Be4 5. f3 Bg6 6. Nd2 e6 7. Nb3 b6 8. Ne2 h6 9.
Bd2 Nd7 10. Bg2 c5 11. Be3 c4 12. Nd2 Qc7 13. Nc3 a6 14. O-O Ne7 15. Ne2 Nc8 16.
c3 b5 17. f4 Ne7 18. Ng3 Bh7 19. g5 hxg5 20. fxg5 Bg6 21. Bf3 Nf5 22. Nxf5 Bxf5
23. Bg4 Bg6 24. Nf3 O-O-O 25. Qd2 Be7 26. Qf2 Rdf8 27. Nh4 Qc6 28. Qg3 Kc7 29.
Rf2 Bh5 30. Raf1 Bxg4 31. Qxg4 g6 32. Rxf7 Rxf7 33. Rxf7 Re8 34. Nxg6 Bf8 35.
Nxf8 Rxf8 36. g6 Rxf7 37. gxf7 Nf8 38. Qg7 Qa8 39. Bg5 Kd7 40. Qf6 Nh7 41. Qe7+
Kc6 42. Qc5+ Kb7 43. Qe7+ Kc6 44. Qxe6+ {Black resigns} 1-0

[Event "Team 45 45 League T56"]
[Site "Internet Chess Club"]
[Date "2013.03.02"]
[Round "2"]
[White "tcianciola"]
[Black "oldbookseller"]
[Result "0-1"]
[WhiteElo "1243"]
[BlackElo "1153"]
[Opening "Robatsch (modern) defense"]
[ECO "A40"]
[Time "09:00:42"]
[TimeControl "2700+45"]

1. d4 g6 2. e4 Bg7 3. Nf3 d6 4. Be2 Nd7 5. O-O b6 6. Bg5 c5 7. c3 f6 8. Bh4 Qc7
9. Nbd2 e5 10. dxc5 Qxc5 11. Re1 Bb7 12. Nb3 Qc7 13. Bd3 Ne7 14. Nfd2 O-O 15.
Qf3 d5 16. Qg4 a6 17. Bg3 b5 18. f4 Nc5 19. Nxc5 Qxc5+ 20. Bf2 d4 21. cxd4 exd4
22. Rac1 Qb6 23. Nb3 Nc6 24. Qe6+ Kh8 25. Bxd4 Qd8 26. Qd5 Qc7 27. Qe6 Qxf4 28.
Be3 Qc7 29. Nc5 Nb4 30. Red1 Rad8 31. a3 Nxd3 32. Nxd3 Qa5 33. Bb6 Rde8 34. Qxe8
Qxb6+ 35. Kh1 Rxe8 36. Nb4 Bxe4 37. Re1 Bxg2+ 38. Kxg2 Qb7+ 39. Kf1 Qf3+ 40. Kg1
Qg4+ 41. Kh1 Rd8 42. Nxa6 f5 {White resigns} 0-1

[Event "Team 45 45 League T56"]
[Site "Internet Chess Club"]
[Date "2013.03.02"]
[Round "2"]
[White "hood"]
[Black "zap2"]
[Result "1-0"]
[WhiteElo "1635"]
[BlackElo "1707"]
[Opening "Caro-Kann: Steinitz variation"]
[ECO "B17"]
[Time "15:12:23"]
[TimeControl "2700+45"]

1. e4 c6 2. d4 d5 3. Nc3 dxe4 4. Nxe4 Nd7 5. Nf3 Ngf6 6. Bd3 Nxe4 7. Bxe4 Nf6 8.
Bd3 Bg4 9. Be2 e6 10. Bg5 Qb6 11. b3 Ne4 12. Be3 Bxf3 13. Bxf3 Bb4+ 14. Kf1 Nc3
15. Qd3 Qb5 16. Qxb5 Nxb5 17. c4 Na3 18. d5 cxd5 19. cxd5 exd5 20. Bxd5 Nc2 21.
Rd1 Nxe3+ 22. fxe3 Rd8 23. Ke2 O-O 24. Bxb7 Rde8 25. Kf3 Re7 26. Bc6 Re6 27. Bb5
Rf6+ 28. Ke4 Rf2 29. a4 Rxg2 30. Rd7 Bc5 31. Bc4 Rf2 32. Kd3 a5 33. e4 g6 34.
Rd5 Bb4 35. Ke3 Rb2 36. Kf4 Re8 37. Rd7 Rf2+ 38. Ke3 Bc5+ 39. Kd3 Rf3+ 40. Ke2
Re3+ 41. Kd2 Bb4+ 42. Kxe3 Rf8 43. Rf1 Kg7 44. Rfxf7+ Rxf7 45. Rxf7+ Kh6 46. e5
g5 47. e6 Kg6 48. e7 {Black resigns} 1-0

[Event "Team 45 45 League T56"]
[Site "Internet Chess Club"]
[Date "2013.03.03"]
[Round "2"]
[White "Kravier"]
[Black "joebobpop"]
[Result "1-0"]
[WhiteElo "1710"]
[BlackElo "1650"]
[Opening "King's Indian: London system"]
[ECO "A48"]
[Time "13:04:34"]
[TimeControl "2700+45"]

1. Nf3 Nf6 2. d4 g6 3. Bf4 Bg7 4. e3 d6 5. c3 O-O 6. h3 c5 7. a3 Nc6 8. Nbd2 b6
9. Rb1 Bf5 10. Rc1 Re8 11. Bb5 Bd7 12. O-O Nb8 13. Bxd7 Nbxd7 14. dxc5 Nxc5 15.
Nb1 e5 16. Bg5 Qd7 17. b4 Nce4 18. Bxf6 Bxf6 19. Qd5 Ng5 20. Nxg5 Bxg5 21. Rfd1
Rad8 22. Nd2 Qe6 23. Ne4 Qxd5 24. Rxd5 Be7 25. Rcd1 Rc8 26. Nxd6 Bxd6 27. Rxd6
Rxc3 28. R1d3 Rxd3 29. Rxd3 Re7 30. Kf1 Kg7 31. Ke2 Kf6 32. f3 h5 33. g4 Kg5 34.
Kf2 f5 35. gxh5 gxh5 36. Rd6 Rc7 37. Kg3 h4+ 38. Kf2 Rc3 39. a4 Ra3 40. Rd5 Kf6
41. a5 Ke6 42. Rb5 bxa5 43. Rxa5 Rxa5 44. bxa5 Kd5 45. Ke2 Kc5 46. Kd3 Kb5 47.
e4 f4 48. a6 Kxa6 49. Kc4 Kb6 50. Kd5 a5 51. Kxe5 Kc5 52. Kxf4 Kd6 53. Ke3 Kc5
54. Kd3 Kb4 55. Kc2 Kc4 56. f4 a4 57. e5 Kd5 58. Kb2 Ke6 59. Ka3 Kf5 60. Kxa4
Ke6 61. Kb4 Kd5 62. Kc3 Ke6 63. Kd4 Kd7 64. f5 Ke7 65. Kd5 Kf7 66. Kd6 Ke8 67.
e6 Kd8 68. f6 Ke8 {Black resigns} 1-0

[Event "Team 45 45 League T56"]
[Site "Internet Chess Club"]
[Date "2013.03.03"]
[Round "2"]
[White "LiangLiang"]
[Black "mongmong"]
[Result "1-0"]
[WhiteElo "1717"]
[BlackElo "1581"]
[Opening "French: Tarrasch"]
[ECO "C03"]
[Time "20:00:27"]
[TimeControl "2700+45"]

1. e4 e6 2. d4 d5 3. Nd2 h6 4. c4 dxe4 5. Nxe4 Be7 6. Nf3 b6 7. Be3 Bb7 8. Nc3
Nf6 9. Be2 Nbd7 10. O-O O-O 11. Qd2 c5 12. Rad1 Qc8 13. Rfe1 cxd4 14. Nxd4 Nc5
15. Qc2 Nce4 16. Nxe4 Bxe4 17. Bd3 Bxd3 18. Rxd3 Qb7 19. Bf4 Rac8 20. Rg3 Nh5
21. Rf3 Nxf4 22. Rxf4 b5 23. Nf3 bxc4 24. Rb1 Bf6 25. h3 Qb5 26. Rg4 Rc5 27. Qc1
Kh8 28. Nd4 Bxd4 29. Rxd4 Rfc8 30. Qc3 Qb7 31. Rbd1 Rd5 32. Qf3 Qd7 33. Rxd5
exd5 34. Rxd5 Qe6 35. Qf5 Kg8 36. Qxe6 fxe6 37. Rd2 Kf7 38. Rc2 a5 39. b3 c3 40.
Kf1 e5 41. f3 Ke6 42. Ke2 Kf5 43. Ke3 h5 44. g3 g5 45. g4+ hxg4 46. hxg4+ Ke6
47. Kd3 Kd5 48. Rxc3 Rxc3+ 49. Kxc3 e4 50. Kd2 exf3 51. Ke3 f2 52. Kxf2 Kc5 53.
a3 Kd4 54. b4 axb4 55. axb4 Kc4 56. Ke3 Kxb4 57. Ke4 Kc5 58. Kf5 Kd6 59. Kxg5
Ke7 60. Kh6 Kf8 61. g5 Kg8 62. Kg6 Kh8 63. Kf7 Kh7 64. g6+ Kh8 65. g7+ {Black
resigns} 1-0

[Event "Team 45 45 League T56"]
[Site "Internet Chess Club"]
[Date "2013.03.04"]
[Round "2"]
[White "ChessMaine"]
[Black "DouDou"]
[Result "0-1"]
[WhiteElo "1440"]
[BlackElo "1762"]
[Opening "Queen's pawn game"]
[ECO "A45"]
[Time "21:33:42"]
[TimeControl "2700+45"]

1. d4 Nf6 2. e3 g6 3. Bd3 Bg7 4. Nf3 d5 5. Nbd2 O-O 6. O-O Nc6 7. c3 Bd7 8. Re1
e6 9. e4 dxe4 10. Nxe4 Nxe4 11. Bxe4 Be8 12. Bg5 Qd6 13. Qd2 Bd7 14. Rad1 Rfe8
15. Bf4 e5 16. dxe5 Bxe5 17. Nxe5 Nxe5 18. Qxd6 cxd6 19. Rxd6 Bc8 20. Red1 Nc6
21. Bxc6 bxc6 22. Rd8 Bg4 23. Rxa8 Rxa8 24. f3 Be6 25. a3 Rc8 26. Bg5 Bd5 27. c4
Bxc4 28. Rd8+ Rxd8 29. Bxd8 Kf8 30. Kf2 Ke8 31. Bg5 Kd7 32. Be3 a6 33. Bc5 Ke6
34. Ke3 Kd5 35. b4 Bb5 36. Kd2 Kc4 37. Kc2 Ba4+ 38. Kb2 Bd1 39. f4 Kd3 40. g3
Ke4 41. Kc3 Kf3 42. Kd4 Kg2 43. Be7 Kxh2 44. Bh4 Bb3 45. Kc5 Ba4 46. Kd6 h6 47.
Ke7 Bb3 48. Kf6 Kh3 49. Kg7 g5 50. fxg5 hxg5 51. Bxg5 Kxg3 52. Be7 f5 53. Bd6+
f4 54. Kf6 Kg4 55. Ke5 f3 56. Bc5 Kg3 57. Kd6 Ba4 58. Kc7 f2 59. Bxf2+ Kxf2 60.
Kb6 Bb5 61. a4 Bxa4 62. Kxa6 Bb5+ 63. Kb6 Ke3 64. Kc5 Kd3 65. Kd6 Kc4 66. Ke5
Kxb4 67. Kd4 c5+ {White resigns} 0-1

[Event "Team 45 45 League T56"]
[Site "Internet Chess Club"]
[Date "2013.03.04"]
[Round "2"]
[White "SugarIslander"]
[Black "Schack"]
[Result "1-0"]
[WhiteElo "1624"]
[BlackElo "1684"]
[Opening "QGD: Tarrasch, Prague variation, 9.Bg5"]
[ECO "D34"]
[Time "14:00:25"]
[TimeControl "2700+45"]

1. d4 d5 2. c4 e6 3. Nc3 c5 4. cxd5 exd5 5. Nf3 Nc6 6. g3 Nf6 7. Bg2 Be7 8. O-O
O-O 9. Bg5 cxd4 10. Nxd4 h6 11. Be3 Re8 12. Rc1 Bf8 13. h3 Be6 14. Na4 Qd7 15.
Kh2 Ne5 16. b3 Bxh3 17. Bxh3 Neg4+ 18. Kg1 Rxe3 19. fxe3 Qd6 20. Rf3 Re8 21. Qe1
Qe5 22. Nc2 b5 23. Qc3 Qh5 24. Kg2 bxa4 25. Rh1 Ne4 26. Qe1 Ne5 27. Bd7 Nxf3 28.
exf3 Qe5 29. Bxe8 Nc3 30. Bxa4 Bd6 31. Nd4 Nd1 32. Nc2 Nb2 33. Bb5 Qf5 34. Nd4
Qe5 35. Be2 Qxe3 36. Qf2 Qe5 37. Rc1 a5 38. Rc2 a4 39. Rxb2 Bc5 40. Rd2 axb3 41.
axb3 Bb4 42. Nc6 {Black resigns} 1-0

[Event "Team 45 45 League T56"]
[Site "Internet Chess Club"]
[Date "2013.03.09"]
[Round "2"]
[White "spongenotbob"]
[Black "oldsj"]
[Result "1/2-1/2"]
[WhiteElo "1854"]
[BlackElo "1588"]
[Opening "King's Indian: Makagonov system (5.h3)"]
[ECO "E71"]
[Time "19:18:34"]
[TimeControl "2700+45"]

1. d4 Nf6 2. c4 g6 3. Nc3 Bg7 4. e4 d6 5. h3 O-O 6. Be3 e5 7. d5 Nbd7 8. Nf3 Nh5
9. Bd3 f5 10. exf5 gxf5 11. Ng5 Ndf6 12. Be2 Nf4 13. Bxf4 exf4 14. Nf3 Ne4 15.
Qc2 Qe7 16. O-O Bd7 17. Bd3 Ng5 18. Qe2 Qxe2 19. Bxe2 Ne4 20. Rac1 Rae8 21. Bd3
Re7 22. Rfe1 Rfe8 23. Kf1 Nxc3 24. Rxe7 Rxe7 25. bxc3 c5 26. Nh4 Rf7 27. Ke2 Be5
28. Nf3 Rg7 29. Kf1 Kf7 30. Nd2 Bf6 31. Nb1 Bg5 32. f3 Kf6 33. Bc2 Re7 34. Re1
Rxe1+ 35. Kxe1 Kg6 36. a4 Kh5 37. Kf2 Bf6 38. g4+ fxg3+ 39. Kxg3 Bh4+ 40. Kg2
Bg5 41. a5 a6 42. Bd1 Kh4 43. Na3 {Game drawn by mutual agreement} 1/2-1/2

[Event "Team 45 45 League T56"]
[Site "Internet Chess Club"]
[Date "2013.03.02"]
[Round "2"]
[White "rayonline53"]
[Black "drsigmund1"]
[Result "1-0"]
[WhiteElo "1477"]
[BlackElo "1568"]
[Opening "Queen's pawn game"]
[ECO "D04"]
[Time "06:56:01"]
[TimeControl "2700+45"]

1. d4 d5 2. Nf3 Nf6 3. e3 Bf5 4. Bd3 Bg4 5. h3 Bh5 6. Nbd2 e6 7. O-O Bd6 8. c3
Nbd7 9. Re1 e5 10. dxe5 Nxe5 11. Be2 Qe7 12. Nd4 Bg6 13. N2f3 c6 14. Nxe5 Qxe5
15. Nf3 Qe6 16. b3 Rd8 17. Bb2 O-O 18. Ng5 Qf5 19. Nf3 Rfe8 20. Nd4 Qe5 21. Nf3
Qe7 22. Bd3 Be4 23. Qe2 h6 24. c4 Bc7 25. Red1 Qd6 26. g3 Qe6 27. Kh2 g5 28. Nd4
Qd7 29. Nb5 cxb5 30. Bxf6 Rc8 31. cxb5 Qf5 32. Bd4 Be5 33. Bxe5 Qxe5 34. Bxe4
dxe4 35. Rac1 f5 36. a4 f4 37. gxf4 gxf4 38. Qg4+ Kh8 39. Qxf4 Qg7 40. Rxc8 Rxc8
41. Qxe4 Qc7+ 42. Kh1 Rg8 43. Qd4+ Rg7 44. Qd8+ Qxd8 45. Rxd8+ {Black resigns}
1-0

[Event "Team 45 45 League T56"]
[Site "Internet Chess Club"]
[Date "2013.03.02"]
[Round "2"]
[White "SpeedBlade"]
[Black "nanning"]
[Result "1-0"]
[WhiteElo "1603"]
[BlackElo "1594"]
[Opening "Nimzo-Indian: classical, 4...c5"]
[ECO "E38"]
[Time "13:01:47"]
[TimeControl "2700+45"]

1. d4 Nf6 2. c4 e6 3. Nc3 Bb4 4. Qc2 c5 5. dxc5 Nc6 6. Nf3 Bxc5 7. Bg5 b6 8. e3
Bb7 9. Be2 Nb4 10. Qd2 Qc7 11. a3 Nc6 12. Bf4 Qd8 13. O-O d5 14. cxd5 Nxd5 15.
Nxd5 exd5 16. b4 Be7 17. Rad1 g5 18. Bg3 g4 19. Nd4 h5 20. Nxc6 Bxc6 21. Qc3 Rh6
22. Bf4 {Black resigns} 1-0

[Event "Team 45 45 League T56"]
[Site "Internet Chess Club"]
[Date "2013.03.02"]
[Round "2"]
[White "tornado100"]
[Black "sockmonkey"]
[Result "0-1"]
[WhiteElo "1408"]
[BlackElo "1656"]
[Opening "Caro-Kann: classical variation"]
[ECO "B18"]
[Time "09:30:07"]
[TimeControl "2700+45"]

1. e4 c6 2. d4 d5 3. Nc3 dxe4 4. Nxe4 Bf5 5. Ng3 Bg6 6. Nf3 Nd7 7. Bd3 e6 8. Bf4
Ngf6 9. c3 Bxd3 10. Qxd3 Nd5 11. Be3 Nxe3 12. Qxe3 Be7 13. Ne5 O-O 14. O-O Nxe5
15. Qxe5 Bd6 16. Qe3 Qc7 17. Qf3 Rad8 18. Rfe1 c5 19. Rad1 cxd4 20. Rxd4 Bxg3
21. fxg3 Rxd4 22. cxd4 Rd8 23. Qe3 Qb6 24. Qc3 Rxd4 25. Kh1 Rd8 26. Rc1 h6 27.
h3 Rd5 28. Qc8+ Kh7 29. Qc2+ f5 30. g4 Qb5 31. gxf5 exf5 32. Qf2 Qd7 33. Qxa7
Rd2 34. Qb6 Qd5 35. Rg1 f4 36. Kh2 f3 37. Kg3 f2 38. Rf1 Qd3+ 39. Kh2 Qxf1 40.
Qxb7 Qg1+ 41. Kg3 f1=Q 42. Qe4+ Kg8 43. Qe8+ Qf8 44. Qe6+ Kh8 45. Qe4 Qxg2+ 46.
Qxg2 Rxg2+ 47. Kxg2 Qa8+ 48. Kg3 Qxa2 49. b4 Qb3+ 50. Kg4 Qxb4+ 51. Kg3 g5 52.
Kg2 Qf4 53. Kg1 Kg7 54. Kg2 Kf6 55. Kh1 Kf5 56. Kg2 h5 57. Kg1 h4 58. Kg2 g4 59.
hxg4+ Kxg4 60. Kg1 Kh3 61. Kh1 {White resigns} 0-1

[Event "Team 45 45 League T56"]
[Site "Internet Chess Club"]
[Date "2013.02.28"]
[Round "2"]
[White "rapidfire"]
[Black "semperfi"]
[Result "0-1"]
[WhiteElo "1119"]
[BlackElo "1339"]
[Opening "French: advance, Milner-Barry gambit"]
[ECO "C02"]
[Time "18:00:46"]
[TimeControl "2700+45"]

1. e4 e6 2. d4 d5 3. e5 c5 4. c3 Nc6 5. Nf3 Qb6 6. Bd3 Nge7 7. Nbd2 Bd7 8. a3
cxd4 9. Nb3 dxc3 10. bxc3 Nf5 11. O-O Be7 12. Bd2 Qc7 13. a4 Nxe5 14. Bf4 Nxf3+
15. Qxf3 Qxc3 16. Rab1 Bxa4 17. Rfc1 Qf6 18. Nc5 Nd4 19. Qe3 Bxc5 20. Rxc5 Nf5
21. Bxf5 Qxf5 22. Rxb7 O-O 23. g3 Bc2 24. Qc3 Be4 25. Rb8 Raxb8 26. Bxb8 Qf3 27.
Qxf3 Bxf3 28. Bxa7 Ra8 29. Kf1 g6 30. Ra5 Rc8 31. Be3 Rc4 32. Ke1 d4 33. Bh6 d3
34. Rb5 f6 35. Rb8+ Kf7 36. Rb7+ Ke8 37. Rb8+ Kd7 38. Rb7+ Bxb7 {White resigns}
0-1

[Event "Team 45 45 League T56"]
[Site "Internet Chess Club"]
[Date "2013.03.04"]
[Round "2"]
[White "artspir"]
[Black "MasterD"]
[Result "1-0"]
[WhiteElo "1193"]
[BlackElo "1210"]
[Opening "Queen's pawn game"]
[ECO "D02"]
[Time "17:00:21"]
[TimeControl "2700+45"]

1. d4 d5 2. Nf3 c6 3. Bf4 Bf5 4. Nbd2 Nf6 5. h3 h6 6. e3 g5 7. Bg3 e6 8. Be2 Bd6
9. Ne5 Bxe5 10. Bxe5 Nbd7 11. Nf3 Nxe5 12. Nxe5 Qc7 13. c3 Ne4 14. O-O f6 15.
Bh5+ Ke7 16. Nf7 Rhg8 17. Nxh6 Rh8 18. Nxf5+ exf5 19. Bg6 g4 20. Bxf5 gxh3 21.
Bxh3 Rxh3 22. gxh3 Rg8+ 23. Kh1 Ng3+ 24. fxg3 Qxg3 25. Qf3 Qh4 26. Rg1 Rf8 27.
Rg4 Qh6 28. Rag1 Rf7 29. b3 Kd7 30. Qf5+ Kc7 31. Kh2 Qxe3 32. h4 Qxc3 33. Rg7
Rxg7 34. Rxg7+ Kb6 35. Qxf6 Qb2+ 36. Rg2 Qc3 37. h5 Qd3 38. h6 Qh7 39. Rg7 Qc2+
40. Kh3 Qd3+ 41. Kh4 Qe4+ 42. Kg5 Qg2+ 43. Kf5 Qf2+ 44. Kg6 Qc2+ 45. Kf7 {Black
resigns} 1-0